 Dungeon Crawl Stone Soup version 0.26-a0-720-g2a1d101370 (webtiles) character file.

Game seed: 17085095804879335539

143196 Lysie the Severer (level 16, -9/228 HPs)
             Began as a Minotaur Fighter on Nov 3, 2020.
             Was the Champion of Okawaru.
             Mangled by a naga warrior
             ... wielding a +0 scimitar
              (10 damage)
             ... on level 4 of the Snake Pit.
             The game lasted 02:04:29 (33369 turns).

Lysie the Severer (Minotaur Fighter)               Turns: 33369, Time: 02:04:30

Health: -9/228     AC: 32    Str: 25    XL:     16   Next: 82%
Magic:  23/23      EV: -1    Int:  5    God:    Okawaru [******]
Gold:   2078       SH:  5    Dex: 19    Spells: 15/15 levels left

rFire    . . .     SeeInvis .   U - +2 executioner's axe "Zadahan" {vorpal, rElec rC++ rN+}
rCold    + + .     Faith    .   (shield currently unavailable)
rNeg     + + +     Spirit   .   (armour currently unavailable)
rPois    +         Reflect  +   (helmet currently unavailable)
rElec    +         Harm     .   (cloak currently unavailable)
rCorr    .         Rampage  .   (gloves currently unavailable)
MR       +....     NoTele   +   (boots currently unavailable)
Stlth    ++........             e - amulet of reflection
HPRegen  0.48/turn              n - +6 ring of dexterity
MPRegen  0.18/turn              h - +4 ring of protection

@: lethally poisoned (-9 -> -14), tree-form (expiring), constricted
A: (retaliatory headbutt)
a: Heroism, Finesse, Renounce Religion


You were on level 4 of the Snake Pit.
You worshipped Okawaru.
Okawaru was exalted by your worship.
You were a tree.
You visited 5 branches of the dungeon, and saw 28 of its levels.
You visited the Abyss 1 time.
You also visited: Ossuary.

You collected 2592 gold pieces.
You spent 514 gold pieces at shops.

Inventory:

Hand Weapons
 a - a +5 vorpal war axe
 j - a +2 morningstar of freezing
 U - the +2 executioner's axe "Zadahan" (weapon) {vorpal, rElec rC++ rN+}
   (Okawaru gifted it to you on level 3 of the Snake Pit)

   It inflicts extra damage upon your enemies.
   It greatly protects you from cold.
   It insulates you from electricity.
   It protects you from negative energy.
Missiles
 O - 3 boomerangs of dispersal (quivered)
Armour
 p - a scarf of repulsion (melded)
 s - a +5 ring mail (melded)
 w - a +0 pair of gloves of strength (melded)
 A - a +0 buckler of fire resistance
 Q - a +1 hat of intelligence (melded)
 T - the +1 pair of boots of Lust (melded) {rF+ rC+}
   (You bought it in a shop on level 2 of the Orcish Mines)

   It protects you from fire.
   It protects you from cold.
Jewellery
 e - an amulet of reflection (around neck)
 h - a +4 ring of protection (right branch)
 k - an uncursed ring of resist corrosion
 n - a +6 ring of dexterity (left branch)
 o - an uncursed ring of flight
Wands
 y - a wand of enslavement (24)
 H - a wand of paralysis (13)
 I - a wand of digging (6)
Scrolls
 d - 2 scrolls of remove curse
 f - 6 scrolls of fog
 l - a scroll of summoning
 m - 4 scrolls of enchant weapon
 r - a scroll of enchant armour
 u - 6 scrolls of identify
 v - 4 scrolls of magic mapping
 x - 5 scrolls of fear
 B - a scroll of silence
 C - 6 scrolls of immolation
 D - 7 scrolls of teleportation
 M - 4 scrolls of amnesia
 N - a scroll of blinking {unknown}
Potions
 b - 3 potions of lignification
 g - 10 potions of curing
 i - 3 potions of flight
 t - a potion of brilliance
 z - 3 potions of invisibility
 G - 9 potions of ambrosia
 J - a potion of heal wounds
 K - a potion of magic
 L - 4 potions of stabbing
 R - a potion of might
Miscellaneous
 S - a tin of tremorstones (3/3)


   Skills:
 - Level 16.4 Fighting
 + Level 18.4 Axes
 * Level 12.3 Armour
 - Level 10.2 Dodging
 - Level 16.6 Shields
 - Level 10.8 Invocations


You had 15 spell levels left.
You didn't know any spells.
Your spell library contained the following spells:

 Spells                   Type           Power        Failure   Level
 Animate Skeleton         Necr           #.....       47%         1
 Apportation              Tloc           #.....       47%         1
 Corona                   Hex            #......      47%         1
 Freeze                   Ice            #...         47%         1
 Shock                    Conj/Air       #...         47%         1
 Summon Small Mammal      Summ           #...         47%         1
 Ensorcelled Hibernation  Hex/Ice        #.....       63%         2
 Slow                     Hex            #.......     63%         2
 Swiftness                Air            #.......     63%         2
 Confusing Touch          Hex            #.......     85%         3
 Frozen Ramparts          Ice            #.....       85%         3
 Gell's Gravitas          Tloc           #.........   85%         3
 Ignite Poison            Fire/Tmut/Pois #.......     85%         3
 Inner Flame              Hex/Fire       #.......     85%         3
 Ozocubu's Armour         Ice            #.......     85%         3
 Portal Projectile        Hex/Tloc       #.....       85%         3
 Static Discharge         Conj/Air       #.......     85%         3
 Airstrike                Air            #.........   99%         4
 Cause Fear               Hex            #.........   99%         4
 Hailstorm                Conj/Ice       #.......     99%         4
 Leda's Liquefaction      Hex/Erth       #.........   99%         4
 Petrify                  Tmut/Erth      #.......     99%         4
 Summon Ice Beast         Ice/Summ       #.......     99%         4
 Blade Hands              Tmut           #.........   100%        5
 Bolt of Magma            Conj/Fire/Erth #.........   100%        5
 Iskenderun's Battlesphe  Conj           #.......     100%        5
 Lightning Bolt           Conj/Air       #.........   100%        5
 Metabolic Englaciation   Hex/Ice        #.........   100%        5
 Yara's Violent Unravell  Hex/Tmut       #.........   100%        5
 Iron Shot                Conj/Erth      #.........   100%        6
 Ozocubu's Refrigeration  Ice            #.........   100%        6
 Haunt                    Necr/Summ      #.........   100%        7
 Orb of Destruction       Conj           #.........   100%        7
 Spellforged Servitor     Conj/Summ      #.........   100%        7
 Borgnjor's Revivificati  Necr           #.........   100%        8
 Infestation              Necr           #.........   100%        8
 Necromutation            Tmut/Necr      #.........   100%        8
 Death's Door             Necr           #.........   100%        9


Dungeon Overview and Level Annotations

Branches:
Dungeon (15/15)            Temple (1/1) D:7            Lair (6/6) D:10
  Swamp (0/4) Lair:3        Snake (4/4) Lair:4        Slime (0/5) Lair:6
    Orc (2/2) D:12            Elf (0/3) Orc:2        Vaults (0/5) D:14
 Depths (0/5) D:15        Ossuary (visited)

Altars:
Ashenzari
Cheibriados
Dithmenos
Elyvilon
Fedhas
Gozag
Hepliaklqana
Kikubaaqudgha
Makhleb
Nemelex Xobeh
Okawaru
Qazlal
Ru
Sif Muna
Trog
Uskayaw
Vehumet
Wu Jian
Xom
Yredelemnul
Zin
The Shining One

Shops:
D:4 !   D:6 [   D:12 *   Orc:2 [}(}


Innate Abilities, Weirdness & Mutations

((You reflexively headbutt those who attack you in melee.))
((You have a pair of horns on your head.))


Message History

The guardian serpent shouts!
You slash the naga ritualist!
The naga ritualist is lightly wounded.
You slice the naga warrior!!
* * * LOW HITPOINT WARNING * * *
You feel sick.
A naga comes into view. It is wielding a +0 glaive.
The naga warrior spits poison at you. The splash of poison hits you.
You resist.
* * * LOW HITPOINT WARNING * * *
The naga warrior constricts you.
You hit the naga warrior.
The naga warrior is almost dead.
You slash the naga ritualist!
* * * LOW HITPOINT WARNING * * *
You feel sick.
The guardian serpent coils itself and waves its upper body at you.
The naga blinks! x2; The naga hits you but does no damage.
The naga warrior hits you with a +0 scimitar!
You die...

... ..# ....# ###
..#.# #.## # .
#.#.#### #..# .# ..
#.#....####..# .#..
##.#......#...## ..?#
#.........#.#NN####N.#
#...........##♣#..'..#
#....####.####NNSN'..#
##.#.##
#.#####.###....$.
#.#..# #....##§# .....
#.##.# #....##N# ####
#.##.###....##S#####
####
#.##..##.#####.#...#
....# #.###.##.##
#§#...#....#. #.#
#.#...# #.#).........


You could see a naga warrior (catching breath), an anaconda, a naga ritualist, a
guardian serpent, a naga mage (fast) and 3 nagas.

Vanquished Creatures
  A nagaraja (Snake:4)
  Aizul (Snake:3)
  A dire elephant (D:14)
  Snorg (Lair:4)
  An ogre mage (D:15)
  Harold (D:7)
  2 boulder beetles
  The ghost of Perttuleena the Archer, a journeyman DsHu of Okawaru (Snake:1)
  2 centaur warriors
  8 hydras
  4 naga warriors
  A vault guard (D:14)
  Erica (D:8)
  11 anacondas
  6 two-headed ogres
  2 catoblepae
  A tengu warrior (D:6)
  4 death yaks (Lair:6)
  4 orc high priests (Orc:2)
  4 shock serpents
  A deep troll shaman (Lair:6)
  3 naga sharpshooters
  The ghost of Decritt the Cleaver, a novice MiBe of Trog (D:8)
  Sonja (Lair:1)
  4 salamander mystics
  A skeletal warrior (D:12)
  2 wizards (D:14)
  2 unseen horrors
  2 deep elf archers (D:14)
  A lindwurm (Lair:6)
  2 naga ritualists (Snake:2)
  A necromancer (D:14)
  A wolf spider zombie (D:13)
  6 mana vipers
  3 oklob plants
  2 orc sorcerers
  19 ugly things
  5 deep elf magi
  An orc knight (Orc:1)
  5 cyclopes
  12 salamanders
  37 black mambas
  10 elephants
  A guardian serpent (Snake:3)
  3 manticores
  Joseph (D:8)
  7 naga magi
  3 gargoyles (D:11)
  Psyche (D:12)
  2 rime drakes
  9 komodo dragons
  An efreet (D:15)
  18 cane toads
  A tengu conjurer (D:13)
  4 kobold demonologists
  A queen bee (Lair:3)
  6 trolls
  2 polar bears
  A hornet (Lair:5)
  The ghost of feta the Chiller, an amateur DgIE (D:6)
  Prince Ribbit (D:6)
  16 blink frogs
  A meliai zombie (D:12)
  A bog body (Lair:3)
  8 slime creatures
  50 yaks
  9 wyverns
  Grum (D:8)
  6 basilisks
  19 humans (D:14)
  A steam dragon (D:11)
  Edmund (D:4)
  2 wargs
  19 nagas
  A swamp worm (Lair:3)
  Duvessa (D:6)
  22 water moccasins
  A hornet zombie (D:10)
  10 ice beasts
  21 orc warriors
  7 sky beasts
  3 phantoms
  A necrophage (D:5)
  4 black bears
  11 ogres
  13 wolves
  6 centaurs
  24 bullfrogs
  An elf zombie (Ossuary)
  4 big kobolds
  Blork the orc (D:6)
  Dowan (D:6)
  2 wyvern skeletons
  4 scorpions
  A small abomination (Abyss:1)
  35 killer bees
  29 wights
  5 howler monkeys
  3 electric eels
  2 jellies
  7 hounds
  5 centaur zombies
  7 centaur skeletons
  24 orc priests
  28 orc wizards
  A bullfrog skeleton (D:11)
  8 iguanas
  15 worker ants
  A bullfrog simulacrum (D:8)
  A big kobold zombie (Ossuary)
  A centaur simulacrum (D:8)
  2 hound zombies (Ossuary)
  A killer bee simulacrum (D:8)
  4 mummies (Ossuary)
  A worker ant zombie (D:10)
  6 gnolls
  A howler monkey skeleton (D:3)
  6 adders
  A shadow imp (D:5)
  6 white imps
  4 ufetubi
  2 oozes
  An adder skeleton (D:4)
  2 worms
  2 dart slugs
  2 leopard geckos
  64 orcs
  2 ball pythons (D:1)
  4 giant cockroaches
  2 gnoll zombies (Ossuary)
  12 goblins
  9 hobgoblins
  14 jackals
  4 quokkas
  8 bats
  6 frilled lizards
  2 goblin zombies (Ossuary)
  2 hobgoblin zombies (Ossuary)
  A jackal zombie (Ossuary)
  22 kobolds
  2 leopard gecko zombies
  An orc zombie (Ossuary)
  10 rats
893 creatures vanquished.

Vanquished Creatures (collateral kills)
  3 oklob plants (Lair:4)
3 creatures vanquished.

Vanquished Creatures (others)
  A two-headed ogre (D:15)
  A naga mage (Snake:3)
  A bush (Lair:6)
  24 fungi
  52 plants
79 creatures vanquished.

Grand Total: 975 creatures vanquished

Notes
Turn   | Place    | Note
-------+----------+-------------------------------------------
     0 | D:1      | Lysie the Minotaur Fighter began the quest for the Orb.
     0 | D:1      | Reached XP level 1. HP: 19/19 MP: 0/0
   292 | D:1      | Reached XP level 2. HP: 27/27 MP: 1/1
  1281 | D:2      | You fall into a shaft and drop 2 floors!
  1302 | D:4      | Reached skill level 5 in Fighting
  1302 | D:4      | Reached XP level 3. HP: 33/36 MP: 2/2
  1475 | D:2      | Reached XP level 4. HP: 16/44 MP: 3/3
  2580 | D:3      | Reached XP level 5. HP: 51/51 MP: 4/4
  2731 | D:3      | Found a hide-covered altar of Uskayaw.
  2731 | D:3      | Noticed a +0 hand axe
  2732 | D:3      | Noticed a +0 hand axe
  2887 | D:3      | Found a faded altar of an unknown god.
  3167 | D:4      | Noticed a phantom
  3174 | D:4      | Killed a phantom
  3195 | D:4      | Noticed an ogre
  3201 | D:4      | Killed an ogre
  3201 | D:4      | Reached skill level 3 in Axes
  3201 | D:4      | Reached XP level 6. HP: 45/61 MP: 5/5
  3292 | D:4      | Noticed Edmund
  3394 | D:4      | Noticed a two-headed ogre
  3460 | D:4      | Reached skill level 4 in Axes
  3498 | D:4      | Killed Edmund
  3498 | D:4      | Reached skill level 5 in Axes
  3498 | D:4      | Reached XP level 7. HP: 32/68 MP: 6/6
  3766 | D:4      | Found a blossoming altar of Fedhas.
  3790 | D:4      | Reached skill level 6 in Axes
  3893 | D:4      | Reached skill level 7 in Axes
  4200 | D:4      | Reached skill level 8 in Axes
  4281 | D:4      | Found Fief's Distillery.
  4286 | D:4      | Bought a potion of haste for 110 gold pieces
  4286 | D:4      | Bought a potion of heal wounds for 55 gold pieces
  4286 | D:4      | Bought a potion of heal wounds for 55 gold pieces
  4760 | D:5      | Entered Level 5 of the Dungeon
  4805 | D:5      | Reached XP level 8. HP: 67/74 MP: 7/7
  4886 | D:5      | Reached skill level 9 in Axes
  4928 | D:5      | Found a snail-covered altar of Cheibriados.
  5144 | D:5      | Reached skill level 10 in Axes
  5721 | D:5      | Reached skill level 11 in Axes
  5797 | D:6      | Found an opulent altar of Gozag.
  5866 | D:6      | Noticed Prince Ribbit
  5880 | D:6      | Killed Prince Ribbit
  5980 | D:6      | Found Oplyphur's Antique Armour Boutique.
  6106 | D:6      | Noticed Blork the orc
  6119 | D:6      | Killed Blork the orc
  6173 | D:6      | Noticed Duvessa
  6174 | D:6      | Noticed Dowan
  6186 | D:6      | Killed Duvessa
  6186 | D:6      | Reached skill level 12 in Axes
  6186 | D:6      | Reached XP level 9. HP: 29/81 MP: 8/8
  6188 | D:6      | Killed Dowan
  6829 | D:6      | Found a runed translucent door.
  6829 | D:6      | Noticed feta's ghost (amateur DgIE)
  6831 | D:6      | Noticed a tengu warrior
  6980 | D:6      | Killed feta's ghost
  7008 | D:6      | Killed a tengu warrior
  7008 | D:6      | Reached skill level 13 in Axes
  7328 | D:7      | Reached skill level 14 in Axes
  7433 | D:7      | Found a glowing golden altar of the Shining One.
  7752 | D:7      | Found a staircase to the Ecumenical Temple.
  7759 | Temple   | Entered the Ecumenical Temple
  7885 | Temple   | Became a worshipper of Warmaster Okawaru
  7964 | D:7      | Noticed Harold
  7985 | D:7      | Killed Harold
  7985 | D:7      | Reached * piety under Okawaru
  7985 | D:7      | Reached skill level 5 in Armour
  7985 | D:7      | Reached XP level 10. HP: 84/88 MP: 9/9
  8433 | D:8      | Found a sand-covered staircase.
  8438 | Ossuary  | Entered an ossuary
  8773 | D:8      | Noticed Grum
  8790 | D:8      | Killed Grum
  8790 | D:8      | Reached ** piety under Okawaru
  8790 | D:8      | Reached skill level 5 in Dodging
  8940 | D:8      | Noticed Decritt's ghost (novice MiBe)
  8962 | D:8      | Found a runed translucent gate.
  8962 | D:8      | Found a runed translucent gate.
  8962 | D:8      | Found a runed translucent gate.
  9205 | D:8      | Found a basalt altar of Yredelemnul.
  9206 | D:8      | Found an ancient bone altar of Kikubaaqudgha.
  9226 | D:8      | Found a hazy altar of Hepliaklqana.
  9236 | D:8      | Found a radiant altar of Vehumet.
  9372 | D:8      | Noticed Erica
  9386 | D:8      | Killed Erica
  9832 | D:8      | Noticed Joseph
  9851 | D:8      | Killed Joseph
  9851 | D:8      | Reached *** piety under Okawaru
 10088 | D:8      | Killed Decritt's ghost
 10088 | D:8      | Reached XP level 11. HP: 34/94 MP: 10/10
 10623 | D:9      | Reached **** piety under Okawaru
 11223 | D:10     | Entered Level 10 of the Dungeon
 11241 | D:10     | Noticed a two-headed ogre
 11247 | D:10     | Killed a two-headed ogre
 11304 | D:10     | Found a burning altar of Makhleb.
 11318 | D:10     | Noticed a two-headed ogre
 11339 | D:10     | Killed a two-headed ogre
 11339 | D:10     | Reached ***** piety under Okawaru
 11539 | D:11     | Reached skill level 10 in Armour
 12134 | D:10     | Found a staircase to the Lair.
 12246 | D:10     | Reached skill level 10 in Dodging
 12944 | D:11     | Noticed a boulder beetle
 12968 | D:11     | Killed a boulder beetle
 12982 | D:11     | Reached skill level 5 in Shields
 13106 | D:11     | Killed an unseen horror
 13422 | D:11     | Received a gift from Okawaru
 13434 | D:11     | Reached XP level 12. HP: 90/106 MP: 11/11
 13435 | D:11     | Reached skill level 10 in Fighting
 13437 | D:11     | Got a spiked animal skin {god gift}
 13444 | D:11     | Identified the +1 animal skin of Whack-A-Mole {rN+}
                  | (Okawaru gifted it to you on level 11 of the Dungeon)
 14303 | D:12     | Identified a scroll of acquirement
 14431 | D:12     | Found a staircase to the Orcish Mines.
 14942 | D:12     | Noticed Psyche
 14949 | D:12     | Killed Psyche
 15094 | D:12     | Found Falio's General Store.
 15311 | Lair:1   | Entered Level 1 of the Lair of Beasts
 15403 | Lair:1   | Noticed Sonja
 15432 | Lair:1   | Killed Sonja
 16036 | Lair:1   | Noticed a four-headed hydra
 16221 | D:10     | Killed an eight-headed hydra
 16221 | D:10     | Reached skill level 10 in Shields
 16746 | Lair:2   | Noticed a five-headed hydra
 16768 | Lair:2   | Killed a five-headed hydra
 16866 | Lair:2   | Received a gift from Okawaru
 17076 | Lair:2   | Reached XP level 13. HP: 106/119 MP: 12/12
 17634 | Lair:2   | Reached ****** piety under Okawaru
 18422 | Lair:3   | Received a gift from Okawaru
 18733 | Lair:3   | Found a staircase to the Swamp.
 19144 | Lair:4   | Noticed Snorg
 19170 | Lair:4   | Killed Snorg
 20114 | Lair:4   | Found a staircase to the Snake Pit.
 20428 | Lair:4   | Reached XP level 14. HP: 133/133 MP: 13/13
 20862 | Lair:5   | Received a gift from Okawaru
 21032 | Lair:5   | You fall into a shaft and drop 1 floor!
 21032 | Lair:6   | Entered Level 6 of the Lair of Beasts
 21094 | Lair:6   | Reached skill level 15 in Fighting
 21211 | Lair:6   | Reached skill level 15 in Shields
 22303 | Lair:6   | Received a gift from Okawaru
 22551 | Lair:6   | Found a staircase to the Slime Pits.
 22687 | Lair:6   | Got a blackened cloak
 22698 | Lair:6   | Identified the +0 cloak of Negligence {rC+ Str-5 Dex+3}
                  | (You found it on level 6 of the Lair of Beasts)
 23088 | Orc:1    | Entered Level 1 of the Orcish Mines
 23579 | Orc:2    | Entered Level 2 of the Orcish Mines
 23653 | Orc:2    | Found a staircase to the Elven Halls.
 24629 | Orc:2    | Found Hezog's Gadget Emporium.
 24629 | Orc:2    | Found Peilyath's Antique Weapon Emporium.
 24630 | Orc:2    | Found Deicaofi's Antique Armour Shoppe.
 24633 | Orc:2    | Found Aqiloome's Gadget Shoppe.
 24670 | Orc:2    | Bought a pair of dazzling boots for 294 gold pieces
 24670 | Orc:2    | Identified the +1 pair of boots of Lust {rF+ rC+} (You
                  | bought it in a shop on level 2 of the Orcish Mines)
 25124 | D:13     | Reached skill level 1 in Invocations
 25353 | D:13     | Received a gift from Okawaru
 25815 | D:14     | Reached XP level 15. HP: 132/145 MP: 15/17
 25923 | D:14     | Reached skill level 5 in Invocations
 26269 | D:14     | Received a gift from Okawaru
 26415 | D:14     | Found a gate to the Vaults.
 26912 | D:15     | Entered Level 15 of the Dungeon
 26970 | D:15     | Cast into level 1 of the Abyss (orc warrior)
 27061 | D:15     | Escaped the Abyss
 27157 | D:15     | Reached skill level 10 in Invocations
 27370 | D:15     | Identified the Tome of Untold Secrets
 27450 | D:15     | Received a gift from Okawaru
 27575 | D:15     | Found a staircase to the Depths.
 28014 | D:14     | Acquired a +0 buckler of fire resistance
 28298 | Snake:1  | Entered Level 1 of the Snake Pit
 28607 | Snake:1  | Reached skill level 15 in Axes
 28904 | Snake:1  | Found a runed translucent door.
 28906 | Snake:1  | Noticed Perttuleena's ghost (journeyman DsHu)
 29011 | Snake:1  | Reached XP level 16. HP: 152/152 MP: 23/23
 29433 | Snake:1  | Killed Perttuleena's ghost
 29597 | Snake:2  | Received a gift from Okawaru
 29600 | Snake:2  | Got a bone hand axe {god gift}
 29622 | Snake:1  | Reached skill level 16 in Axes
 29834 | Snake:1  | Identified the +1 hand axe of the World {flame, rF+ Int+4
                  | Stlth+} (Okawaru gifted it to you on level 2 of the Snake
                  | Pit)
 31289 | Snake:3  | Noticed Aizul
 31299 | Snake:3  | Reached skill level 17 in Axes
 31304 | Snake:3  | Killed Aizul
 32202 | Snake:4  | Entered Level 4 of the Snake Pit
 32243 | Snake:3  | Received a gift from Okawaru
 32246 | Snake:3  | Got a fine executioner's axe {god gift}
 32249 | Snake:3  | Identified the +2 executioner's axe "Zadahan" {vorpal,
                  | rElec rC++ rN+} (Okawaru gifted it to you on level 3 of the
                  | Snake Pit)
 33331 | Snake:4  | Reached skill level 18 in Axes
 33364 | Snake:4  | HP: 8/228 [naga warrior/+0 scimitar (6)]
 33368 | Snake:4  | HP: 2/228 [naga warrior/splash of poison (3)]
 33369 | Snake:4  | Mangled by a naga warrior

Illustrated notes

Levels and vault maps discovered:
D:1:      dpeg_arrival_yet_another_circle, layout_basic, supply_closet_lemuel
D:2:      layout_basic, grunt_ministairs_2, kennysheep_small_spiral
D:3:      layout_rooms, dancing_weapons_uskayaw,
          chequers_ecumenical_altar_simple, serial_park_tiny_pond,
          minmay_quadrilaterals
D:4:      layout_loops_corners, serial_shops, nicolae_shop_waterfront,
          fedhas_ov_isle_minmay, uniq_edmund
D:5:      kennysheep_spiral_hall, layout_basic, lemuel_coloured_pillars_altar
D:6:      layout_gridville, serial_shops, kennysheep_little_box,
          ebering_ghost_inner_flame, basic_altar, uniq_prince_ribbit1,
          uniq_duvessa, uniq_blork_the_orc
D:7:      layout_rooms, kennysheep_mini_moat, temple_statues, uniq_harold
D:8:      layout_rooms, grunt_temple_overflow_cloverleaf, enter_ossuary_5,
          gammafunk_ghost_icy, minmay_misc_feat_diagonals, uniq_joseph,
          uniq_grum, uniq_erica
D:9:      layout_loops_ring
D:10:     layout_irregular_city, minmay_lair_entry_grove, basic_altar
D:11:     layout_gridville, st_stairs_13
D:12:     layout_grid_maze, david_orc_2, serial_shops, shop, grunt_ministairs_6,
          st_stairs_11, uniq_psyche
D:13:     layout_basic
D:14:     layout_long_grid, grunt_vaults_entry_tiered
D:15:     hangedman_depths_entry_try_elsewhere_first, layout_long_grid,
          nicolae_sextant
Temple:   regret_index_temple_waves
Lair:1:   layout_chaotic_city, grunt_megastairs_1, uniq_sonja
Lair:2:   layout_big_grid, nzn_random_ring, lemuel_fruit_fields
Lair:3:   layout_roguey [special_room_bee], nicolae_swamp_entry_splash_gauntlet,
          grunt_megastairs_4
Lair:4:   beast_lair_carwin_large_3, layout_gridlike, dummy_snake_entry,
          nicolae_quartered_pool_super, serial_bayou_shore_b,
          minmay_lair_oklob_chamber, uniq_snorg
Lair:5:   layout_layer_cave, enter_volcano_4
Lair:6:   grunt_lair_end_beastmaster, layout_gridlike, dpeg_slime_entry_corner
Snake:1:  layout_gridlike, ebering_ghost_inner_flame, grunt_megastairs_2
Snake:2:  layout_chambers
Snake:3:  dpeg_oklob_gauntlet, layout_gridlike, uniq_aizul
Snake:4:  grunt_snake_rune_serpentine_throne, layout_misc_corridors,
          hangedman_corner_corridor, uniq_vashnia
Orc:1:    layout_diamond_mine
Orc:2:    st_orc_mages, layout_caves

Skill      XL: |  1  2  3  4  5  6  7  8  9 10 11 12 13 14 15 16 |
---------------+-------------------------------------------------+-----
Fighting       | 4 5 6 8 9 12 14 16 | 16.4
Axes           | 3 5 8 12 14 15 18 | 18.4
Armour         | 5 8 10 11 12 | 12.3
Dodging        | 2 8 10 | 10.2
Shields        | 6 11 14 16 | 16.6
Invocations    | 4 10 | 10.8

Action                   |  1- 3 |  4- 6 |  7- 9 | 10-12 | 13-15 | 16-18 || total
-------------------------+-------+-------+-------+-------+-------+-------++-------
Melee: War axe           |    85 |   128 |       |   354 |  1193 |   228 ||  1988
       Headbutt          |    11 |    27 |    56 |   198 |   414 |   104 ||   810
       Dire flail        |       |       |   249 |   372 |       |       ||   621
       Flail             |       |       |       |    14 |    46 |       ||    60
       Morningstar       |       |       |       |       |     6 |       ||     6
       Executioner's axe |       |       |       |       |       |   119 ||   119
Invok: Heroism           |       |       |       |     8 |    30 |    10 ||    48
       Finesse           |       |       |       |       |     1 |     1 ||     2
Evoke: Wand              |       |       |       |     3 |       |       ||     3
  Use: Scroll            |     4 |     6 |     4 |    10 |    17 |     3 ||    44
       Potion            |     2 |     1 |     3 |     4 |     2 |     4 ||    16
 Stab: Paralysed         |       |       |       |     3 |       |       ||     3
       Sleeping          |       |       |       |       |     1 |     1 ||     2
       Petrifying        |       |       |       |       |     1 |       ||     1
       Petrified         |       |       |       |       |     1 |       ||     1
Armor: Scale mail        |    22 |    82 |     8 |       |       |       ||   112
       Skin              |    24 |    19 |       |       |       |    17 ||    60
       Ring mail         |       |       |    85 |   158 |   190 |    59 ||   492
Dodge: Dodged            |    30 |    49 |    87 |   403 |   579 |   205 ||  1353
       Repelled          |       |       |     1 |     3 |     4 |    10 ||    18
Block: Kite shield       |    51 |   126 |       |   254 |  1163 |   194 ||  1788
       Other             |       |       |     9 |    70 |       |    32 ||   111
       Reflection        |       |       |     2 |     5 |    52 |    31 ||    90

Table legend: (Time is in decaauts)
 A = Elapsed time spent in this place.
 B = Non-inter-level travel time spent in this place.
 C = Inter-level travel time spent in this place.
 D = Time resting spent in this place.
 E = Time spent auto-exploring this place.
 F = Levels seen in this place.
 G = Mean time per level.
                   A        B        C        D        E       F      G
               +--------+--------+--------+--------+--------+-----+--------+
         Total |  32924 |  31502 |   1422 |   5814 |  19252 |  30 | 1097.5 |
       Dungeon |  18317 |  17465 |    852 |   3201 |  10765 |  15 | 1221.1 |
        Temple |    145 |    114 |     31 |      0 |    112 |   1 |  145.0 |
          Lair |   7296 |   6947 |    349 |    409 |   5015 |   6 | 1216.0 |
     Snake Pit |   4965 |   4856 |    109 |   1758 |   2242 |   4 | 1241.2 |
  Orcish Mines |   1850 |   1771 |     79 |    446 |    893 |   2 |  925.0 |
         Abyss |     91 |     91 |      0 |      0 |     65 |   1 |   91.0 |
       Ossuary |    256 |    256 |      0 |      0 |    158 |   1 |  256.0 |
               +--------+--------+--------+--------+--------+-----+--------+

Top non-repeatable levels by time:
 Snake:3: 2144 daAuts
    D:11: 1877 daAuts
     D:8: 1656 daAuts
     D:6: 1601 daAuts
     D:1: 1593 daAuts
  Lair:4: 1512 daAuts
     D:4: 1436 daAuts
 Snake:1: 1382 daAuts
    D:10: 1379 daAuts
    D:14: 1306 daAuts
    D:12: 1284 daAuts
  Lair:2: 1221 daAuts
  Lair:6: 1188 daAuts
  Lair:3: 1163 daAuts
 Snake:2: 1133 daAuts
